 Dungeon Crawl Stone Soup version 0.29-a0-90-gc37658a0fe (webtiles) character file.

Game seed: 6820665521064124535

200 lordive the Grasshopper (level 5, -5/39 HPs)
             Began as a Demonspawn Warper on Feb 6, 2022.
             Splashed by a jelly's acid (9 damage)
             ... on level 4 of the Dungeon.
             The game lasted 00:04:39 (2946 turns).

lordive the Grasshopper (Demonspawn Warper)         Turns: 2946, Time: 00:04:39

Health: -5/39      AC:  6    Str: 11    XL:     5   Next: 49%
Magic:  8/8        EV: 13    Int: 17    God:
Gold:   63         SH:  0    Dex: 12    Spells: 8/8 levels left

rFire   . . .      SeeInvis .   a - +0 falchion
rCold   . . .      Faith    .   (no shield)
rNeg    . . .      Spirit   .   h - +3 leather armour
rPois   .          Reflect  .   (no helmet)
rElec   .          Harm     .   (no cloak)
rCorr   .          Rampage  .   (no gloves)
Will    +....                   (no boots)
Stlth   +.........              (no amulet)
HPRegen 0.13/turn               g - ring of willpower
MPRegen 0.11/turn               k - ring of flight

@: flying
A: repulsion field 1
a: no special abilities


You were on level 4 of the Dungeon.
You visited 1 branch of the dungeon, and saw 4 of its levels.

You collected 63 gold pieces.

Inventory:

Hand Weapons
 a - a +0 falchion (weapon)
Armour
 h - a +3 leather armour (worn)
Jewellery
 g - a ring of willpower (left hand)
 k - a ring of flight (right hand)
Scrolls
 d - a scroll of identify {unknown}
 e - a scroll of fog {unknown}
 f - a scroll of immolation {unknown}
 j - a scroll of enchant weapon {unknown}
Potions
 b - a potion of mutation {unknown}
 i - a potion of heal wounds {unknown}


   Skills:
 + Level 2.5 Fighting
 + Level 3.4 Long Blades
 - Level 0.8 Throwing
 + Level 1.9 Armour
 + Level 2.2 Dodging
 + Level 0.6 Stealth
 + Level 2.1 Spellcasting
 * Level 3.6 Translocations


You had 8 spell levels left.
You didn't know any spells.
Your spell library contained the following spells:

 Spells                   Type           Power      Damage    Failure   Level
 Blink                    Tloc           28%        N/A       9%          2
 Gell's Gravitas          Tloc           14%        N/A       17%         3
 Lesser Beckoning         Tloc           14%        N/A       17%         3
 Teleport Other           Tloc           14%        N/A       17%         3
 Manifold Assault         Tloc           14%        N/A       83%         5


Dungeon Overview and Level Annotations

Branches:
Dungeon (3/15)

Altars:

Annotations:
D:2 Sigmund


Innate Abilities, Weirdness & Mutations

You are surrounded by a mild repulsion field. (EV +2)


Message History

The kobold misses you.
You hit the kobold but do no damage. The kobold hits you but does no damage.
You hit the kobold.
You kill the kobold!
Items here: ( )) †.
You start resting.
An ogre comes into view. It is wielding a +0 giant club.
Sorry, I don't know how to get there.
You hit the plant.
The plant begins to die.
The plant is lightly damaged.
You slash the plant!
The plant is lightly damaged.
You hit the plant.
The plant is lightly damaged.
You hit the plant.
The plant is lightly damaged.
A nearby plant withers and dies.
The ogre shouts!
An ogre is nearby!
An ogre is nearby!
An ogre is nearby!
Items here: ( )) †.
Okay, then.
The ogre hits you with a +0 giant club!!
Ouch! That really hurt!
* * * LOW HITPOINT WARNING * * *
Blink to where?
Press: ? - help, Dir - move target A jelly comes into view.
As you read the scroll of blinking, it crumbles to dust.
The jelly quivers.
The jelly barely misses you. The jelly closely misses you.
The jelly hits you but does no damage.
Found a stone staircase leading down.
Found 5 javelins.
The jelly hits you.
* * * LOW HITPOINT WARNING * * *
You are splashed with acid!
You die...

P♣♣♣P......♣.♣♣ ♣♣....
♣♣........♣P..♣♣PP♣...♣
♣P..P.....P♣P..♣......♣
P♣P.......O.P♣.......♣
.P.♣...........P....♣ ♣.
♣..♣♣............P.♣♣.P#
♣...................
♣..♣..........P..#.
.♣♣...P......J@.♣#
♣.......P..P.P♣.#
P.♣PP.P..PP.P..>.(
♣♣.P.PPP......###
♣.........####
........### #....## ####


You could see an ogre and a jelly.

Vanquished Creatures
  A howler monkey (D:4)
  Natasha (D:2)
  An iguana (D:4)
  Terence (D:1)
  A hound zombie (D:3)
  A hound skeleton (D:4)
  2 adders (D:2)
  2 worms (D:2)
  A dart slug (D:2)
  4 ball pythons
  4 endoplasms
  3 giant cockroaches
  2 goblins
  8 hobgoblins
  3 jackals (D:2)
  A quokka (D:2)
  2 bats (D:1)
  A frilled lizard (D:1)
  2 kobolds
  2 rats
43 creatures vanquished.

Vanquished Creatures (others)
  6 plants (D:4)
6 creatures vanquished.

Grand Total: 49 creatures vanquished

Notes
Turn   | Place    | Note
-------+----------+-------------------------------------------
     0 | D:1      | lordive the Demonspawn Warper began the quest for the Orb.
     0 | D:1      | Reached XP level 1. HP: 16/16 MP: 3/3
   126 | D:1      | Reached skill level 1 in Armour
   130 | D:1      | Gained mutation: You are surrounded by a mild repulsion
                  | field. (EV +2) [demonic ancestry]
   130 | D:1      | Reached XP level 2. HP: 16/22 MP: 5/5
  1332 | D:2      | Noticed Terence
  1346 | D:2      | HP: 1/22 [Terence (7)]
  1637 | D:1      | Killed Terence
  1638 | D:1      | Reached XP level 3. HP: 4/27 MP: 6/6
  2048 | D:2      | Reached XP level 4. HP: 33/33 MP: 7/7
  2102 | D:2      | Noticed Natasha
  2120 | D:2      | Killed Natasha
  2650 | D:2      | Noticed Sigmund
  2733 | D:3      | You fall into a shaft and drop 1 floor!
  2750 | D:4      | Reached XP level 5. HP: 31/39 MP: 8/8
  2880 | D:4      | Noticed an ogre
  2946 | D:4      | Splashed by a jelly's acid

Illustrated notes

Levels and vault maps discovered:
D:1:      lemuel_arrival_room, layout_loops_ring, minmay_close_crescents
D:2:      layout_loops_ring, uniq_terence, uniq_natasha, uniq_sigmund
D:3:      minmay_skewed_foursquare, layout_loops_ring, minitemple,
          mainiacjoe_overflow_cross_hatched, serial_shops, shop_fountains,
          dreamdust_ecumenical_altar_grove, dk_noncrumbling_3,
          mrwooster_statue_mirror, uniq_ijyb
D:4:      wad_woods_pond, layout_basic, lemuel_mausoleum_altar_kikubaaqudgha,
          minmay_misc_feat_diagonals, minmay_misc_feat_plants,
          nicolae_shop_self_help, uniq_grinder

Skill      XL: |  1  2  3  4 |
---------------+-------------+-----
Dodging        | 2 |  2.2
Armour         | 1 |  1.9
Long Blades    | 2 3 |  3.4
Translocations | 3 |  3.6
Fighting       | |  2.5
Throwing       | |  0.8
Stealth        | |  0.6
Spellcasting   | |  2.1

Action                   |  1- 3 |  4- 6 || total
-------------------------+-------+-------++-------
Melee: Falchion          |   100 |    92 ||   192
       Punch             |     1 |     1 ||     2
Throw: Boomerang         |     5 |       ||     5
  Use: Potion            |     1 |       ||     1
       Scroll            |       |     1 ||     1
 Stab: Sleeping          |       |     1 ||     1
Armor: Leather armour    |    31 |    28 ||    59
Dodge: Dodged            |    67 |    53 ||   120

Table legend: (Time is in decaauts)
 A = Elapsed time spent in this place.
 B = Non-inter-level travel time spent in this place.
 C = Inter-level travel time spent in this place.
 D = Time resting spent in this place.
 E = Time spent auto-exploring this place.
 F = Levels seen in this place.
 G = Mean time per level.
                   A        B        C        D        E       F      G
               +--------+--------+--------+--------+--------+-----+--------+
         Total |   2981 |   2929 |     52 |    512 |   1895 |   4 |  745.2 |
       Dungeon |   2981 |   2929 |     52 |    512 |   1895 |   4 |  745.2 |
               +--------+--------+--------+--------+--------+-----+--------+

Top non-repeatable levels by time:
     D:2: 1391 daAuts
     D:1: 1310 daAuts
     D:4: 216 daAuts
     D:3: 62 daAuts
